 Dungeon Crawl Stone Soup version 0.30-a0-634-g8abc85282e (webtiles) character file.

Game seed: 7538737067961406509

61 garrulousMonolith the Digger (level 4, 0/25 HPs)
             Began as a Gargoyle Earth Elementalist on Jan 15, 2023.
             Slain by Terence
             ... wielding a +1 hand axe of venom
              (1 damage)
             ... on level 2 of the Dungeon.
             The game lasted 00:02:25 (1703 turns).

garrulousMonolith the Digger (GrEE)                 Turns: 1703, Time: 00:02:25

Health: 0/25       AC:  6    Str: 12    XL:     4   Next: 7%
Magic:  7/7        EV: 12    Int: 17    God:
Gold:   71         SH:  0    Dex: 10    Spells: 1/7 levels left

rFire   . . .      SeeInvis .    c - +0 dagger
rCold   . . .      Faith    .    (no shield)
rNeg    + . .      Spirit   .    a - +0 robe
rPois   ∞          Reflect  .    (no helmet)
rElec   +          Harm     .    (no cloak)
rCorr   .          Rampage  .    m - +0 pair of gloves
Will    .....                    (no boots)
Stlth   ++                       (no amulet)
HPRegen 0.24/turn                (no ring)
MPRegen 0.10/turn                (no ring)

@: no status effects
A: sickness immunity, AC +3, negative energy resistance 1, electricity
resistance, torment resistance 1, petrification resistance
a: no special abilities


You were on level 2 of the Dungeon.
You visited 1 branch of the dungeon, and saw 2 of its levels.

You collected 71 gold pieces.

Inventory:

Hand Weapons
 c - a +0 dagger (weapon)
 n - a +0 sling
Missiles
 j - 3 boomerangs
Armour
 a - a +0 robe (worn)
 m - a +0 pair of gloves (worn)
Scrolls
 d - a scroll of magic mapping {unknown}
 g - 3 scrolls of identify {unknown}
 h - 2 scrolls of teleportation {unknown}
 k - a scroll of silence {unknown}
 l - a scroll of vulnerability {unknown}
Potions
 e - a potion of curing {unknown}
 f - a potion of heal wounds {unknown}
 i - a potion of mutation {unknown}


   Skills:
 + Level 1.1 Fighting
 + Level 1.1 Armour
 + Level 1.7 Dodging
 - Level 2.1 Stealth
 + Level 2.4 Spellcasting
 * Level 0.9 Conjurations
 - Level 1.0 Transmutations
 * Level 4.5 Earth Magic


You had one spell level left.
You knew the following spells:

 Your Spells              Type           Power      Damage    Failure   Level
a - Sandblast             Erth           34%        2d9       3%          1
b - Stone Arrow           Conj/Erth      22%        3d8       19%         3
c - Passwall              Tmut/Erth      9%         N/A       9%          2

Your spell library contained the following spells:

 Spells                   Type           Power      Damage    Failure   Level
 Petrify                  Tmut/Erth      11%        N/A       52%         4


Dungeon Overview and Level Annotations

Branches:
Dungeon (2/15)

Altars:

Annotations:
D:2 Terence


Innate Abilities, Weirdness & Mutations

You are immune to sickness and miasma.
Your stone body is resilient. (AC +3)
You are immune to poison.
You resist negative energy. (rN+)
You are resistant to electric shocks. (rElec)
You are resistant to unholy torment.
You are immune to petrification.


Message History

Confirm with . or Enter, or press ? or * to list all spells.
Aiming: Sandblast (safe; 3% risk of failure)
Press: ? - help, Shift-Dir - straight line, f/p - Terence
Aim: Terence, wielding a +1 hand axe of venom and wearing a +0 scale mail (84% to hit)
The blast of sand hits Terence but does no damage.
Terence completely misses you.
Casting: Sandblast (safe; 3% risk of failure)
Confirm with . or Enter, or press ? or * to list all spells.
Okay, then.
You aren't carrying any items that you can evoke.
Okay, then.
Okay, then.
Casting: Sandblast (safe; 3% risk of failure)
Confirm with . or Enter, or press ? or * to list all spells.
Aiming: Sandblast (safe; 3% risk of failure)
Press: ? - help, Shift-Dir - straight line, f/p - Terence
Aim: Terence, wielding a +1 hand axe of venom and wearing a +0 scale mail (84% to hit)
The blast of sand hits Terence but does no damage.
Terence hits you with a +1 hand axe of venom. x2
Casting: Sandblast (safe; 3% risk of failure)
Confirm with . or Enter, or press ? or * to list all spells.
Aiming: Sandblast (safe; 3% risk of failure)
Press: ? - help, Shift-Dir - straight line, f/p - Terence
Aim: Terence, wielding a +1 hand axe of venom and wearing a +0 scale mail (84% to hit)
The blast of sand hits Terence but does no damage.
Terence hits you with a +1 hand axe of venom.
Casting: Sandblast (safe; 3% risk of failure)
Confirm with . or Enter, or press ? or * to list all spells.
Aiming: Sandblast (safe; 3% risk of failure)
Press: ? - help, Shift-Dir - straight line, f/p - Terence
Aim: Terence, wielding a +1 hand axe of venom and wearing a +0 scale mail (84% to hit)
The blast of sand hits Terence but does no damage.
Terence hits you with a +1 hand axe of venom.
Terence completely misses you. Magic courses through your body.
Terence hits you with a +1 hand axe of venom!
* * * LOW HITPOINT WARNING * * *
Terence attacks as you move away!
Terence hits you with a +1 hand axe of venom.
You die...

#.....#########.#†####
.....##+### #.#.#
......... #.#.#
........### #.#.#
..!......#.#.#.#
#........ #.#.#
#....#.####.#.####
#.......<... ....
#.#@......##########
#.@..............
...##....##†#########
.... #....##.## #..
... +..#####..### #.#
.. ##.# ##...## #.## .
... ###..###... #... .
##..##...
..######.#..##


You could see Terence.

Vanquished Creatures
  2 adders (D:2)
  A worm (D:2)
  A dart slug (D:1)
  2 endoplasms
  2 goblins (D:1)
  2 hobgoblins (D:2)
  4 jackals (D:1)
  2 quokkas (D:1)
  3 ball pythons
  4 bats
  2 frilled lizards (D:1)
  2 kobolds (D:1)
  17 rats
44 creatures vanquished.

Notes
Turn   | Place    | Note
-------+----------+-------------------------------------------
     0 | D:1      | garrulousMonolith the Gargoyle Earth Elementalist began the
                  | quest for the Orb.
     0 | D:1      | Reached XP level 1. HP: 10/10 MP: 3/3
    67 | D:1      | Reached skill level 1 in Transmutations
    78 | D:1      | Reached XP level 2. HP: 8/16 MP: 0/5
   305 | D:1      | Reached skill level 4 in Earth Magic
   567 | D:1      | Reached XP level 3. HP: 20/20 MP: 4/6
   571 | D:1      | Learned a level 3 spell: Stone Arrow
   574 | D:1      | Learned a level 2 spell: Passwall
   682 | D:1      | Reached skill level 1 in Armour
  1347 | D:2      | Reached skill level 1 in Fighting
  1556 | D:2      | Reached XP level 4. HP: 25/25 MP: 2/7
  1694 | D:2      | Noticed Terence
  1702 | D:2      | HP: 1/25 [Terence/+1 hand axe of venom (7)]
  1703 | D:2      | Slain by Terence

Illustrated notes

Levels and vault maps discovered:
D:1:      denvon_arrival_planthouse, layout_loops_cross, minmay_rat_gold_closets
D:2:      layout_basic, serial_shops, nicolae_square_shop, uniq_terence

Skill      XL: |  1  2  3 |
---------------+----------+-----
Transmutations | 1 |  1.0
Earth Magic    | 4 |  4.5
Armour         | 1 |  1.1
Fighting       | 1 |  1.1
Dodging        | |  1.7
Stealth        | |  2.1
Spellcasting   | |  2.4
Conjurations   | |  0.9

Action                   |  1- 3 |  4- 6 || total
-------------------------+-------+-------++-------
Melee: Dagger            |    14 |       ||    14
 Cast: Sandblast         |    56 |    12 ||    68
  Use: Potion            |       |     1 ||     1
Armor: Robe              |    15 |     1 ||    16
Dodge: Dodged            |    17 |     4 ||    21

Table legend: (Time is in decaauts)
 A = Elapsed time spent in this place.
 B = Non-inter-level travel time spent in this place.
 C = Inter-level travel time spent in this place.
 D = Time resting spent in this place.
 E = Time spent auto-exploring this place.
 F = Levels seen in this place.
 G = Mean time per level.
                   A        B        C        D        E       F      G
               +--------+--------+--------+--------+--------+-----+--------+
         Total |   1736 |   1637 |     99 |     48 |   1351 |   2 |  868.0 |
       Dungeon |   1736 |   1637 |     99 |     48 |   1351 |   2 |  868.0 |
               +--------+--------+--------+--------+--------+-----+--------+

Top non-repeatable levels by time:
     D:1: 1362 daAuts
     D:2: 373 daAuts
